 Dungeon Crawl Stone Soup version 0.24.1-14-gf8d2b509d9 (webtiles) character file.

Game seed: 13468669565758070220, levelgen mode: deterministic

47660 Curus the Spry (level 14, 0/126 HPs)
             Began as a Merfolk Berserker on May 29, 2020.
             Was the Champion of Trog.
             Slain by a wolf (5 damage)
             ... on level 6 of the Lair of Beasts.
             The game lasted 01:43:10 (19527 turns).

Curus the Spry (Merfolk Berserker)                 Turns: 19527, Time: 01:43:11

Health: 0/126      AC: 12    Str: 16    XL:     14   Next: 42%
Magic:  0/4        EV: 27    Int: 10    God:    Trog [******]
Gold:   687        SH:  6    Dex: 20    Spells: 13/13 levels left

rFire    . . .     SeeInvis +   M - +4 demon trident (antimagic)
rCold    + + +     Gourm    .   B - +0 buckler
rNeg     . . .     Faith    +   v - +4 ring mail of Blue Skies {rC++ Str-2}
rPois    +         Spirit   +   (helmet restricted)
rElec    .         Reflect  .   f - scarf {Spirit}
rCorr    +         Harm     .   U - +1 pair of gloves {Dex+3}
MR       +++..                  A - +2 pair of boots {run}
Stlth    +.........             l - amulet of faith
HPRegen  1.31/turn              y - ring of resist corrosion
MPRegen  0.09/turn              G - ring of the Octopus King {AC+1 EV+1 Str+1 Int+1 Dex+1 SInv}

@: berserk cooldown, regenerating, slowed, very slow
A: change form in water, swift swim, stealthy swim, horns 1, cold resistance 1,
deformed body, poison resistance
a: Berserk, Trog's Hand, Brothers in Arms, Renounce Religion


You were on level 6 of the Lair of Beasts.
You worshipped Trog.
Trog was exalted by your worship.
You were very hungry.

You visited 2 branches of the dungeon, and saw 17 of its levels.
You also visited: Ossuary and Volcano.

You collected 1292 gold pieces.
You spent 605 gold pieces at shops.

Inventory:

Hand Weapons
 u - a +4 trident of freezing
 w - a +1 quarterstaff of protection
 M - a +4 antimagic demon trident (weapon)
Armour
 a - a +1 cloak of invisibility
 f - a scarf of spirit shield (worn)
 o - a +2 ring mail of fire resistance
 p - a +2 cloak
 v - the +4 ring mail of Blue Skies (worn) {rC++ Str-2}
   (You found it on level 6 of the Dungeon)

   It affects your strength (-2).
   It greatly protects you from cold.
 A - a +2 pair of boots of running (worn)
 B - a +0 buckler (worn)
 O - a +1 pair of boots
 T - the +3 helmet of the Griffon {rN+ Regen+ rCorr}
   (You found it on level 3 of the Lair of Beasts)

   It protects you from negative energy.
   It increases your rate of regeneration.
   It provides partial protection from all sources of acid and corrosion.
 U - a +1 pair of gloves of dexterity (worn)
 X - a +0 shield of fire resistance
Jewellery
 e - an uncursed ring of protection from fire
 k - a +2 ring of strength
 l - an amulet of faith (around neck)
 y - a ring of resist corrosion (left hand)
 D - an uncursed amulet of magic regeneration
 E - an uncursed amulet of the acrobat
 G - a ring of the Octopus King (right hand) {AC+1 EV+1 Str+1 Int+1 Dex+1 SInv}
   (You bought it in a shop on level 8 of the Dungeon)

   [ring of see invisible]

   It affects your AC (+1).
   It affects your evasion (+1).
   It affects your strength (+1).
   It affects your intelligence (+1).
   It affects your dexterity (+1).
   It lets you see invisible.
 I - a +2 ring of strength
Wands
 n - a wand of digging (7)
 q - a wand of random effects (62)
 x - a wand of disintegration (11)
 J - a wand of enslavement (10)
 L - a wand of flame (37)
 P - a wand of polymorph (8)
Scrolls
 g - 11 scrolls of teleportation
 i - 14 scrolls of identify
 j - 16 scrolls of remove curse
 H - 2 scrolls of fog
 K - 3 scrolls of blinking
 N - a scroll of fear
 S - 4 scrolls of enchant weapon
 W - a scroll of magic mapping
Potions
 d - a potion of cancellation
 h - 3 potions of agility
 m - 2 potions of magic
 r - 6 potions of curing
 s - 2 potions of berserk rage
 t - 3 potions of brilliance
 z - a potion of flight
 C - a potion of might
 R - a potion of heal wounds
 V - 3 potions of resistance
 Y - a potion of haste
Comestibles
 c - 35 rations


   Skills:
 + Level 16.6 Fighting
 - Level 14.0 Polearms
 - Level 1.3 Armour
 + Level 19.1 Dodging
 - Level 4.3 Shields


You had 13 spell levels left.
You didn't know any spells.
Your spell library was empty.

Dungeon Overview and Level Annotations

Branches:
Dungeon (11/15)            Temple (0/1) D:4            Lair (6/6) D:11
 Shoals (0/4) Lair:3       Spider (0/4) Lair:2        Slime (0/5) Lair:6
    Orc (0/2) D:9         Ossuary (visited)         Volcano (visited)

Altars:
Dithmenos
Elyvilon
Hepliaklqana
Kikubaaqudgha
Nemelex Xobeh
Wu Jian
Xom
The Shining One
Jiyva

Shops:
D:7 [   D:8 =


Innate Abilities, Weirdness & Mutations

You revert to your normal form in water.
You are very nimble and swift while swimming.
You are very stealthy in the water. (Stealth+)
You have a pair of small horns on your head.
Your flesh is cold resistant. (rC+)
Armour fits poorly on your strangely shaped body.
Your system is resistant to poisons. (rPois)


Message History

You are exhausted.
You feel yourself slow down. The wolf completely misses you.
The wolf closely misses you. The wolf completely misses you.
You are feeling very hungry.
You barely miss the wolf.
You headbutt the wolf, but do no damage.
You block the wolf's attack. The wolf bites you but does no damage.
The wolf misses you.
You completely miss the wolf. The wolf bites you.
* * * LOW HITPOINT WARNING * * *
The wolf misses you. You block the wolf's attack. The wolf bites you!
* * * LOW HITPOINT WARNING * * *
The wolf misses you. The wolf completely misses you.
Your skin crawls.
You feel resistant to hostile enchantments.
You feel somewhat more hungry. The wolf misses you. The wolf barely misses you.
The wolf bites you!
* * * LOW HITPOINT WARNING * * *
You block the wolf's attack. The wolf bites you.
You die...

# .....# ... #
.......#####.... #
PP......#.#..... ###
#.#...........( ..#
###........?.P# .##
####.....?.......##
#.#####.##...#..........#
##..#...#...##.hhh.......
#††.........#..@h†......
##.†...........###.....#.
#.............## .....#
....#.#..P...#.# .....#
..PP######..#### .....[#
.....######## #.P..#.
.......#..### ..##..
..#..†......### ... ..
P.#####..#..#P## .


You could see 4 wolves.

Vanquished Creatures
  A red draconian (Volcano)
  The ghost of opiumtea the Spear-Bearer, a journeyman MfSu of the Shining One (Lair:2)
  Fannar (Lair:1)
  3 hydras
  A two-headed ogre (D:7)
  A centaur warrior (Volcano)
  3 death yaks
  A dancing weapon (Lair:2)
  Urug (Lair:5)
  An unseen horror (D:10)
  A wizard (D:10)
  2 ugly things (D:11)
  2 cyclopes (D:11)
  14 elephants
  4 black mambas
  A centaur zombie (D:10)
  7 spiny frogs
  2 molten gargoyles (Volcano)
  4 komodo dragons
  A rime drake (Lair:5)
  An anaconda simulacrum (Lair:3)
  2 yaktaurs (Volcano)
  A troll (D:11)
  9 jumping spiders (Lair:2)
  2 hornets
  17 blink frogs
  2 polar bears (Lair:6)
  A snapping turtle (Lair:3)
  5 hippogriffs
  A redback (Lair:2)
  26 yaks
  3 dire elephant simulacra (Lair:3)
  3 wyverns
  2 fire bats (Volcano)
  A basilisk (Lair:5)
  4 vampire mosquitoes (D:11)
  Menkaure (D:6)
  A warg (D:9)
  10 porcupines
  3 hell hounds
  7 water moccasins
  6 orc warriors
  2 sky beasts
  A black bear (Lair:3)
  3 ice beasts
  2 phantoms
  6 necrophages (Lair:3)
  3 ogres
  5 centaurs
  37 wolves
  9 crocodiles
  10 bullfrogs
  2 gnoll sergeants (D:8)
  A spiny frog simulacrum (Lair:3)
  5 scorpions
  20 killer bees
  4 howler monkeys
  4 crimson imps
  8 lava snakes (Volcano)
  A quasit (D:5)
  2 jellies
  Crazy Yiuf (D:4)
  12 orc priests
  A water moccasin simulacrum (Lair:3)
  6 hounds
  2 iguanas
  11 orc wizards
  2 hell rats (D:11)
  16 worker ants
  A killer bee zombie (D:9)
  A bullfrog simulacrum (Lair:3)
  A hound zombie (D:5)
  2 hound skeletons
  9 mummies
  A howler monkey zombie (D:7)
  13 gnolls
  A howler monkey skeleton (D:7)
  11 adders
  A shadow imp (D:11)
  An ooze (D:6)
  2 adder skeletons
  6 worms
  5 dart slugs
  2 leopard geckos (D:2)
  26 orcs
  A ball python (D:4)
  3 giant cockroaches
  A gnoll zombie (Ossuary)
  8 hobgoblins
  10 jackals
  9 quokkas
  5 bats
  11 frilled lizards
  11 goblins
  2 hobgoblin zombies (Ossuary)
  A jackal zombie (D:5)
  5 kobolds
  3 kobold zombies (Ossuary)
  A leopard gecko skeleton (D:6)
  2 orc zombies (Ossuary)
  A quokka zombie (D:6)
  5 rats
498 creatures vanquished.

Vanquished Creatures (collateral kills)
  An elephant (Lair:2)
1 creature vanquished.

Vanquished Creatures (others)
  10 fungi
  4 plants
14 creatures vanquished.

Grand Total: 513 creatures vanquished

Notes
Turn   | Place    | Note
-------+----------+-------------------------------------------
     0 | D:1      | Curus the Merfolk Berserker began the quest for the Orb.
     0 | D:1      | Reached XP level 1. HP: 18/18 MP: 1/1
   360 | D:1      | Reached skill level 5 in Polearms
   366 | D:1      | Reached XP level 2. HP: 9/24 MP: 2/2
   774 | D:1      | Reached XP level 3. HP: 21/29 MP: 3/3
   789 | D:1      | Reached ** piety under Trog
  1187 | D:2      | Found an ornate altar of the Wu Jian Council.
  1293 | D:2      | Found a sparkling altar of Nemelex Xobeh.
  1294 | D:2      | Found a hazy altar of Hepliaklqana.
  1521 | D:2      | Reached XP level 4. HP: 16/35 MP: 4/4
  2758 | D:3      | Reached XP level 5. HP: 20/41 MP: 5/5
  3075 | D:3      | Gained mutation: Armour fits poorly on your strangely
                  | shaped body. [potion of mutation]
  3075 | D:3      | Gained mutation: Your system is resistant to poisons.
                  | (rPois) [potion of mutation]
  3075 | D:3      | Gained mutation: You have a pair of small antennae on your
                  | head. [potion of mutation]
  3388 | D:3      | Found a faded altar of an unknown god.
  3442 | D:3      | Reached *** piety under Trog
  3452 | D:3      | Reached XP level 6. HP: 8/47 MP: 0/6
  3946 | D:4      | Reached skill level 10 in Polearms
  3997 | D:4      | Noticed a phantom
  4026 | D:4      | Killed a phantom
  4026 | D:4      | Reached XP level 7. HP: 19/52 MP: 1/7
  4299 | D:4      | Found a staircase to the Ecumenical Temple.
  4548 | D:4      | Found a shadowy altar of Dithmenos.
  4640 | D:4      | Found a runed translucent door.
  4641 | D:4      | Noticed Crazy Yiuf
  4845 | D:4      | Killed Crazy Yiuf
  4926 | D:5      | Entered Level 5 of the Dungeon
  5272 | D:5      | Reached XP level 8. HP: 19/58 MP: 8/8
  5543 | D:5      | Reached **** piety under Trog
  6058 | D:5      | Found a white marble altar of Elyvilon.
  6266 | D:6      | Reached skill level 3 in Dodging
  6273 | D:6      | Found a sand-covered staircase.
  6283 | Ossuary  | Entered an ossuary
  6563 | Ossuary  | Reached skill level 4 in Dodging
  6815 | D:6      | Got a warped ring mail
  6887 | D:6      | Reached skill level 5 in Fighting
  6887 | D:6      | Reached skill level 5 in Dodging
  6942 | D:6      | Reached XP level 9. HP: 44/68 MP: 9/9
  7082 | D:6      | Reached skill level 6 in Dodging
  7106 | D:6      | Noticed a hornet
  7117 | D:6      | Killed a hornet
  7196 | D:6      | Noticed Menkaure
  7211 | D:6      | Killed Menkaure
  7211 | D:6      | Reached skill level 7 in Dodging
  7612 | D:6      | Identified the +4 ring mail of Blue Skies {rC++ Str-2} (You
                  | found it on level 6 of the Dungeon)
  7672 | D:7      | Reached ***** piety under Trog
  7713 | D:7      | Found an ornate altar of the Wu Jian Council.
  7783 | D:7      | Reached skill level 8 in Dodging
  7942 | D:7      | Found a glowing golden altar of the Shining One.
  8104 | D:7      | Noticed a two-headed ogre
  8120 | D:7      | Killed a two-headed ogre
  8120 | D:7      | Reached skill level 9 in Dodging
  8120 | D:7      | Reached XP level 10. HP: 82/82 MP: 10/10
  8127 | D:7      | Received a gift from Trog
  8171 | D:7      | Found Lunorph's Antique Armour Shop.
  8176 | D:7      | Bought a pair of embroidered boots for 202 gold pieces
  8181 | D:7      | Identified a +0 pair of boots of running (You bought it in
                  | a shop on level 7 of the Dungeon)
  8361 | D:7      | Identified the cursed +0 scale mail "Qostrab" {rC- MR+
                  | Int+5 SInv}
  8434 | D:8      | Reached skill level 10 in Dodging
  8757 | D:8      | Found an ancient bone altar of Kikubaaqudgha.
  8897 | D:8      | Found Lubb's Jewellery Shoppe.
  9682 | D:9      | Received a gift from Trog
  9682 | D:9      | Reached skill level 11 in Dodging
  9720 | D:9      | Reached skill level 10 in Fighting
  9724 | D:9      | Found a staircase to the Orcish Mines.
 10441 | D:8      | Bought a ring of the Octopus King {AC+1 EV+1 Str+1 Int+1
                  | Dex+1 SInv} for 403 gold pieces
 10441 | D:8      | Found the ring of the Octopus King {AC+1 EV+1 Str+1 Int+1
                  | Dex+1 SInv}
 10817 | D:10     | Entered Level 10 of the Dungeon
 10936 | D:10     | Noticed an unseen horror
 10946 | D:10     | Killed an unseen horror
 11070 | D:10     | Reached skill level 12 in Dodging
 11093 | D:10     | Reached XP level 11. HP: 92/92 MP: 11/11
 11431 | D:10     | Noticed a wizard
 11443 | D:10     | Killed a wizard
 11533 | D:11     | Noticed a purple ugly thing
 11535 | D:11     | Noticed a cyclops
 11554 | D:11     | Killed a purple ugly thing
 11554 | D:11     | Reached skill level 13 in Dodging
 11558 | D:11     | Killed a cyclops
 11599 | D:11     | Noticed a cyan ugly thing
 11627 | D:11     | Received a gift from Trog
 11641 | D:11     | Killed a cyan ugly thing
 12201 | D:11     | Found a staircase to the Lair.
 12202 | D:11     | Noticed a cyclops
 12203 | D:11     | Noticed a death yak
 12203 | D:11     | Noticed a death yak
 12203 | D:11     | Noticed a death yak
 12213 | D:11     | Killed a cyclops
 12221 | D:11     | Killed a death yak
 12221 | D:11     | Reached skill level 14 in Dodging
 12239 | D:11     | Killed a death yak
 12254 | D:10     | Killed a death yak
 12569 | D:11     | Reached XP level 12. HP: 103/103 MP: 4/12
 12612 | Lair:1   | Entered Level 1 of the Lair of Beasts
 12627 | Lair:1   | Reached skill level 1 in Shields
 12724 | Lair:1   | Noticed Fannar
 12745 | Lair:1   | Killed Fannar
 13054 | Lair:1   | Noticed an eight-headed hydra
 13062 | Lair:1   | Killed an eight-headed hydra
 13453 | Lair:2   | Reached skill level 15 in Dodging
 13625 | Lair:2   | Received a gift from Trog
 13999 | Lair:2   | Found a runed translucent door.
 14000 | Lair:2   | Found a shimmering altar of Xom.
 14000 | Lair:2   | Noticed opiumtea's ghost (journeyman MfSu)
 14245 | Lair:2   | Found a hole to the Spider Nest.
 14263 | Lair:2   | Reached skill level 16 in Dodging
 14315 | Lair:2   | Reached XP level 13. HP: 61/113 MP: 4/13
 14739 | Lair:2   | Killed opiumtea's ghost
 14955 | Lair:3   | Found a staircase to the Shoals.
 15044 | Lair:3   | Found a dark tunnel.
 15046 | Lair:3   | Got a bloodstained helmet
 15061 | Volcano  | Entered a volcano
 15112 | Volcano  | Reached ****** piety under Trog
 15458 | Volcano  | Found a bloodstained altar of Trog.
 15466 | Volcano  | Reached skill level 17 in Dodging
 15535 | Volcano  | Noticed a red draconian
 15554 | Volcano  | Killed a red draconian
 15677 | Volcano  | Reached skill level 15 in Fighting
 15878 | Lair:3   | Found a transporter.
 15930 | Lair:3   | Found a transporter.
 15987 | Lair:3   | Received a gift from Trog
 17415 | Lair:4   | Reached skill level 18 in Dodging
 17979 | Lair:4   | Reached XP level 14. HP: 47/124 MP: 1/14
 18314 | Lair:4   | Identified the +3 helmet of the Griffon {rN+ Regen+ rCorr}
                  | (You found it on level 3 of the Lair of Beasts)
 18317 | Lair:5   | Noticed Urug
 18339 | Lair:5   | Killed Urug
 18602 | Lair:5   | Received a gift from Trog
 19088 | Lair:5   | Lost mutation: You have a pair of small antennae on your
                  | head. [potion of mutation]
 19088 | Lair:5   | Gained mutation: Your flesh is cold resistant. (rC+)
                  | [potion of mutation]
 19088 | Lair:5   | Gained mutation: You have a pair of small horns on your
                  | head. [potion of mutation]
 19090 | Lair:6   | Entered Level 6 of the Lair of Beasts
 19261 | Lair:6   | Found a staircase to the Slime Pits.
 19261 | Lair:6   | Found a viscous altar of Jiyva.
 19493 | Lair:6   | Reached skill level 19 in Dodging
 19527 | Lair:6   | HP: 5/126 [wolf (8)]
 19527 | Lair:6   | Slain by a wolf

Levels and vault maps discovered:
D:1:      giann_forest_graveyard, layout_rooms
D:2:      layout_basic, chequers_temple_overflow_statue_of_worship
D:3:      wad_crossroads, layout_loops_ring,
          chequers_ecumenical_altar_simple_redux, first_ration,
          minmay_misc_feat_ornament
D:4:      layout_basic, nicolae_dithmenos_the_darkroom,
          minmay_temple_entry_statues, uniq_crazy_yiuf_cottage
D:5:      layout_basic, marbit_many_paths
D:6:      layout_cave_pods, gup_ossuary_entry_pyramid,
          chequers_serial_rivers_small_3, uniq_menkaure
D:7:      layout_basic, serial_shops, shop, basic_altar, tso_altar
D:8:      layout_basic, kiku_gazebo_pond_becter, serial_shops, shop,
          grunt_ogre_cave
D:9:      layout_irregular_city, erik_orc_3, grunt_decor_one_mirror,
          minmay_holes
D:10:     layout_loops_ring, lightli_wizard_tower
D:11:     layout_long_grid, dpeg_lair_monsters
Lair:1:   layout_loops_ring, uniq_fannar
Lair:2:   layout_chaotic_city, nicolae_spider_entry_tight_spaces,
          ebering_ghost_xom, serial_bayou_pond_c
Lair:3:   gammafunk_cloud_chamber, layout_chaotic_city, minmay_shoals_entry_hut,
          enter_volcano_3, roderic_carrion_pond
Lair:4:   layout_roguey, serial_rivers, chequers_serial_rivers_large_a,
          chequers_serial_rivers_marsh, chequers_serial_rivers_large_b,
          chequers_serial_rivers_micro_c, chequers_serial_rivers_room_b,
          grunt_forest_large_clearings, lemuel_fruit_tree
Lair:5:   layout_regular_city, uniq_urug
Lair:6:   evil_forest, layout_layer_cave, slime_altar_1, serial_bayou_shore_a,
          lemuel_fruit_fields

Skill      XL: |  1  2  3  4  5  6  7  8  9 10 11 12 13 14 |
---------------+-------------------------------------------+-----
Polearms       | 5 6 7 8 9 11 12 14 | 14.0
Dodging        | 5 9 12 14 16 18 19 | 19.1
Fighting       | 5 8 10 12 14 15 16 | 16.6
Shields        | 4 |  4.3
Armour         | |  1.3

Action                   |  1- 3 |  4- 6 |  7- 9 | 10-12 | 13-15 || total
-------------------------+-------+-------+-------+-------+-------++-------
Melee: Spear             |   174 |   256 |    63 |    62 |       ||   555
       Trident           |       |       |   362 |   352 |       ||   714
       Demon trident     |       |       |       |   378 |   759 ||  1137
       Tailslap          |       |       |       |    13 |     2 ||    15
       Headbutt          |       |       |       |       |    48 ||    48
Invok: Berserk           |     4 |     4 |     5 |     5 |     3 ||    21
       Trog's Hand       |       |     1 |     1 |     1 |     1 ||     4
       Brothers in Arms  |       |       |       |     1 |       ||     1
  Use: Scroll            |     5 |     1 |     2 |    11 |     4 ||    23
       Potion            |     3 |     3 |     6 |     4 |     1 ||    17
 Stab: Sleeping          |       |     1 |       |       |     1 ||     2
  Eat: Chunk             |     5 |     9 |     8 |    14 |     8 ||    44
       Ration            |       |     1 |     3 |     3 |     3 ||    10
Armor: Animal skin       |    15 |       |       |       |       ||    15
       Leather armour    |    19 |    11 |       |       |       ||    30
       Ring mail         |       |       |    57 |   119 |    85 ||   261
Dodge: Dodged            |   121 |    61 |   152 |   549 |   690 ||  1573
Block: Buckler           |       |       |       |   107 |   176 ||   283
